Columbus Blue Jackets vs Buffalo Sabres

Created - samedi, 30 décembre 2023 at 19:00

Goals
1 2 3 T
Columbus Blue Jackets 1 2 0 3
Buffalo Sabres 2 0 3 5
Shots
1 2 3 T
Columbus Blue Jackets 6 14 7 27
Buffalo Sabres 7 8 13 28

1st period

1. Buffalo Sabres , Marcus Johansson 5 (Nick Bonino 7) at 4:54
2. Columbus Blue Jackets , Patrik Laine 13 (Nick Foligno 8, Ian Cole 13) at 12:18
3. Buffalo Sabres , Nicklas Backstrom 6 (Jeff Skinner 17, Henri Jokiharju 15) at 16:40 (PP)

Penalties :
Ian Cole (CBJ) for Boarding (Minor) at 16:16

2nd period

4. Columbus Blue Jackets , Warren Foegele 8 (Ian Cole 14) at 2:24
5. Columbus Blue Jackets , Patrik Laine 14 (Corey Perry 8, Nick Foligno 9) at 5:10

Penalties :
Warren Foegele (CBJ) for Cross-checking (Minor) at 12:37, Tomas Hertl (BUF) for Roughing (Double Minor) at 13:56

3rd period

6. Buffalo Sabres , Tomas Hertl 15 (Alex Tuch 19, Ilya Lyubushkin 6) at 8:13
7. Buffalo Sabres , Jeff Skinner 12 (Alex Tuch 20, Tomas Hertl 25) at 10:41
8. Buffalo Sabres , Erik Johnson 1 (Evander Kane 14, Dylan Cozens 8) at 12:53

Penalties :
Jake McCabe (BUF) for Fighting (Major) at 7:19, Kyle Burroughs (CBJ) for Fighting (Major) at 7:19

Goalie Stats

Elvis Merzlikins (CBJ), 23 saves from 28 shots - (0.821), L, 4-11-2, 60:00 minutes
Linus Ullmark (BUF), 24 saves from 27 shots - (0.889), W, 20-6-2, 60:00 minutes

Players Stats for Columbus Blue Jackets

Player Name              G  A  P  +/- PIM S  H  SB GA TA FO     MP     PP MP  PK MP  
------------------------------------------------------------------------------------
Billy Sweezey            0  0  0   0  0   2  0  0  0  0  0/0    20:14   0:24   1:06 
Brock Faber              0  0  0   0  0   0  2  1  0  0  0/0    21:01   1:20   0:20 
Corey Perry              0  1  1   1  0   1  4  1  0  0  1/3    16:33   1:11   0:41 
Derick Brassard          0  0  0  -1  0   1  1  0  0  0  11/20  17:09   2:08   0:00 
Ian Cole                 0  2  2   0  2   1  1  3  0  0  0/0    19:17   1:35   0:17 
Ivan Provorov            0  0  0  -1  0   0  1  1  0  0  0/0    22:15   1:20   1:23 
Jakub Voracek            0  0  0  -1  0   2  0  0  0  0  1/2    17:09   2:08   0:00 
Jayson Megna             0  0  0  -1  0   1  2  0  0  0  8/25   15:42   0:00   1:02 
Joona Luoto              0  0  0  -1  0   0  0  0  0  0  1/1    11:49   0:00   1:02 
Josh Dunne               0  0  0  -1  0   1  0  1  0  0  6/15   11:40   0:00   0:41 
Kyle Burroughs           0  0  0   1  5   2  2  0  0  0  0/0    16:22   0:00   0:20 
Lukas Rousek             0  0  0  -1  0   1  0  0  0  0  0/0    14:12   0:00   0:00 
Nick Blankenburg         0  0  0   0  0   2  0  1  0  0  0/0    19:22   1:59   0:00 
Nick Foligno             0  2  2   2  0   3  2  0  0  0  7/15   15:35   1:11   0:00 
Patrik Laine             2  0  2   1  0   3  0  0  0  0  1/3    16:56   2:08   0:00 
Warren Foegele           1  0  1  -1  2   2  6  1  0  0  0/0    14:19   0:14   0:00 
Yakov Trenin             0  0  0  -1  0   2  1  0  0  0  0/0    11:27   0:00   0:00 
Yegor Chinakhov          0  0  0  -1  0   3  1  0  0  0  0/0    16:32   0:57   0:00 

Players Stats for Buffalo Sabres

Player Name              G  A  P  +/- PIM S  H  SB GA TA FO     MP     PP MP  PK MP  
------------------------------------------------------------------------------------
Alex Tuch                0  2  2   1  0   3  0  0  0  0  0/0    16:42   0:45   0:00 
Colin Miller             0  0  0  -1  0   0  2  0  0  0  0/0    19:17   0:34   1:11 
Dylan Cozens             0  1  1   0  0   1  0  0  0  0  5/16   15:24   0:58   0:00 
Dylan Gambrell           0  0  0  -1  0   1  3  1  0  0  1/1    14:13   0:00   1:21 
Erik Johnson             1  0  1   0  0   1  1  0  0  0  0/0    19:23   0:00   0:33 
Evander Kane             0  1  1   0  0   2  6  1  0  0  0/2    15:12   0:45   0:00 
Henri Jokiharju          0  1  1   1  0   1  1  2  0  0  0/0    21:38   0:24   1:41 
Ilya Lyubushkin          0  1  1   2  0   3  2  0  0  0  0/0    19:34   0:45   0:58 
Jake McCabe              0  0  0   0  5   0  1  1  0  0  0/0    18:05   0:45   1:04 
Jeff Skinner             1  1  2   1  0   4  2  0  0  0  1/2    17:01   0:58   0:32 
Kyle Okposo              0  0  0   0  0   1  0  0  0  0  0/1    15:15   0:00   0:56 
Marcus Johansson         1  0  1   1  0   3  1  0  0  0  1/3    12:37   0:00   0:00 
Mark Jankowski           0  0  0  -1  0   0  0  0  0  0  1/1    14:28   0:00   0:57 
Mattias Samuelsson       0  0  0   0  0   0  1  4  0  0  0/0    21:07   0:58   1:11 
Nick Bonino              0  1  1   1  0   2  0  0  0  0  16/24  13:03   0:00   1:26 
Nicklas Backstrom        1  0  1  -1  0   3  2  0  0  0  11/19  13:50   0:58   0:00 
Teddy Blueger            0  0  0   1  0   1  0  0  0  0  1/1    13:02   0:00   1:26 
Tomas Hertl              1  1  2   1  4   2  0  2  0  0  11/14  16:08   0:44   0:00 

3 Stars

1 - Jeff Skinner (BUF)
2 - Patrik Laine (CBJ)
3 - Marcus Johansson (BUF)

Power Play

Columbus Blue Jackets - 0 on 2 Attempt(s) - 0.00%
Buffalo Sabres - 1 on 2 Attempt(s) - 50.00%

Penalty Kill

Columbus Blue Jackets - 1 on 2 Attempt(s) - 50.00% - Score 0 goal in Penalty Kill
Buffalo Sabres - 2 on 2 Attempt(s) - 100.00% - Score 0 goal in Penalty Kill

Team Stat

Columbus Blue Jackets - Hits : 23 - Faceoff Wins : 36 - Blocked Shots : 9 - Penalty Minutes : 9
Buffalo Sabres - Hits : 22 - Faceoff Wins : 48 - Blocked Shots : 11 - Penalty Minutes : 9

Official

Referees : Jean Hebert and Michael Markovic
Linesman : Brad Kovachik and Kyle Flemington

Game Notes

Jake McCabe and Kyle Burroughs fight to a draw at 7:19 of 3rd period

Finance

Level 1 -- Attendance: 10000 (100.00%) -- Ticket Income $ 890 000
Level 2 -- Attendance: 1898 (94.90%) -- Ticket Income $ 142 350
Level 3 -- Attendance: 3051 (87.17%) -- Ticket Income $ 137 295
Level 4 -- Attendance: 1116 (76.97%) -- Ticket Income $ 33 480
Luxury Box -- Attendance: 46 (92.00%) -- Ticket Income $ 10 074
Game was played at the KeyBank Center.
Total Attendance: 16111 (94.77%)
Total Ticket Income: $ 1 213 199
Total Income: $ 1 213 199

Columbus Blue Jackets

5 vs 5 Forward 
   Center                   Left Wing                Right Wing               Time % Phy DF OF 
 1 Nick Foligno             Corey Perry              Patrik Laine             27     1   2  2  
 2 Derick Brassard          Jakub Voracek            Yegor Chinakhov          27     1   2  2  
 3 Jayson Megna             Lukas Rousek             Warren Foegele           26     1   2  2  
 4 Josh Dunne               Yakov Trenin             Joona Luoto              20     0   3  2  

5 vs 5 Defense 
   Defense                  Defense                                           Time % Phy DF OF 
 1 Brock Faber              Ivan Provorov                                     32     1   2  2  
 2 Ian Cole                 Nick Blankenburg                                  32     1   2  2  
 3 Kyle Burroughs           Billy Sweezey                                     26     1   3  1  
 4 Billy Sweezey            Brock Faber                                       10     1   3  1  

PowerPlay Forward 
   Center                   Left Wing                Right Wing               Time % Phy DF OF 
 1 Derick Brassard          Patrik Laine             Jakub Voracek            50     0   2  3  
 2 Nick Foligno             Corey Perry              Yegor Chinakhov          50     1   1  3  

PowerPlay Defense
   Defense                  Defense                                           Time % Phy DF OF 
 1 Nick Blankenburg         Billy Sweezey                                     50     1   1  3  
 2 Ivan Provorov            Brock Faber                                       50     1   2  2  

Penalty Kill 4 Players Forward 
   Center                   Wing                     Time % Phy DF OF 
 1 Josh Dunne               Corey Perry              50     1   3  1  
 2 Jayson Megna             Joona Luoto              50     1   3  1  

Penalty Kill 4 Players Defense
   Defense                  Defense                  Time % Phy DF OF 
 1 Ian Cole                 Brock Faber              50     1   3  1  
 2 Ivan Provorov            Billy Sweezey            50     1   4  0  

Penalty Kill - 3 Players Forward 
   Forward                                           Time % Phy DF OF 
 1 Lukas Rousek                                      50     1   4  0  
 2 Joona Luoto                                       50     1   4  0  

Penalty Kill - 3 Players Defense
   Defense                  Defense                  Time % Phy DF OF 
 1 Nick Blankenburg         Kyle Burroughs           50     1   4  0  
 2 Billy Sweezey            Ian Cole                 50     1   4  0  

4 vs 4 Forward 
   Center                   Wing                     Time % Phy DF OF 
 1 Josh Dunne               Lukas Rousek             50     0   2  3  
 2 Jayson Megna             Yegor Chinakhov          50     0   2  3  

4 vs 4 Defense
   Defense                  Defense                  Time % Phy DF OF 
 1 Billy Sweezey            Kyle Burroughs           50     0   3  2  
 2 Brock Faber              Ivan Provorov            50     0   3  2  

Last Minutes Offensive
   Center                   Left Wing                Right Wing               Defense                  Defense                  
   Josh Dunne               Nick Foligno             Corey Perry              Brock Faber              Kyle Burroughs           

Last Minutes Defensive
   Center                   Left Wing                Right Wing               Defense                  Defense                  
   Yakov Trenin             Nick Foligno             Joona Luoto              Brock Faber              Billy Sweezey            

Goaltenders
Starting : Elvis Merzlikins         
Backup : Sergei Bobrovsky         

Extra Forwards
Normal : Derick Brassard, Joona Luoto, Corey Perry - PP : Patrik Laine, Nick Foligno - PK : Corey Perry
Extra Defensemen
Normal : Kyle Burroughs, Ivan Provorov, Nick Blankenburg - PP : Ivan Provorov - PK : Billy Sweezey, Brock Faber
Penalty Shots
Derick Brassard, Patrik Laine, Jakub Voracek, Nick Foligno, Warren Foegele
Custom OT Lines Forwards
Josh Dunne, Joona Luoto, Derick Brassard, Jakub Voracek, Nick Foligno, Yegor Chinakhov, Patrik Laine, Yakov Trenin, Corey Perry, Jayson Megna
Custom OT Lines Defensemen
Ivan Provorov, Kyle Burroughs, Brock Faber, Ian Cole, Nick Blankenburg

Scratches
Tyler Seguin (Back Spasms Injury), Juuso Valimaki (Healthy), Marcus Bjork (Healthy)

Buffalo Sabres

5 vs 5 Forward 
   Center                   Left Wing                Right Wing               Time % Phy DF OF 
 1 Tomas Hertl              Jeff Skinner             Alex Tuch                28     0   1  4  
 2 Dylan Cozens             Evander Kane             Kyle Okposo              26     1   1  3  
 3 Nicklas Backstrom        Mark Jankowski           Dylan Gambrell           24     1   2  2  
 4 Nick Bonino              Teddy Blueger            Marcus Johansson         22     1   2  2  

5 vs 5 Defense 
   Defense                  Defense                                           Time % Phy DF OF 
 1 Erik Johnson             Henri Jokiharju                                   34     1   3  1  
 2 Mattias Samuelsson       Colin Miller                                      33     1   3  1  
 3 Ilya Lyubushkin          Jake McCabe                                       33     1   3  1  
 4 Ilya Lyubushkin          Jake McCabe                                       0      1   3  1  

PowerPlay Forward 
   Center                   Left Wing                Right Wing               Time % Phy DF OF 
 1 Tomas Hertl              Evander Kane             Alex Tuch                50     1   1  3  
 2 Nicklas Backstrom        Jeff Skinner             Dylan Cozens             50     1   1  3  

PowerPlay Defense
   Defense                  Defense                                           Time % Phy DF OF 
 1 Ilya Lyubushkin          Henri Jokiharju                                   50     0   2  3  
 2 Colin Miller             Mattias Samuelsson                                50     0   2  3  

Penalty Kill 4 Players Forward 
   Center                   Wing                     Time % Phy DF OF 
 1 Mark Jankowski           Dylan Gambrell           50     0   5  0  
 2 Nick Bonino              Teddy Blueger            50     0   5  0  

Penalty Kill 4 Players Defense
   Defense                  Defense                  Time % Phy DF OF 
 1 Mattias Samuelsson       Jake McCabe              50     0   5  0  
 2 Erik Johnson             Henri Jokiharju          50     0   5  0  

Penalty Kill - 3 Players Forward 
   Forward                                           Time % Phy DF OF 
 1 Teddy Blueger                                     50     0   5  0  
 2 Mark Jankowski                                    50     0   5  0  

Penalty Kill - 3 Players Defense
   Defense                  Defense                  Time % Phy DF OF 
 1 Mattias Samuelsson       Jake McCabe              50     0   5  0  
 2 Erik Johnson             Henri Jokiharju          50     0   5  0  

4 vs 4 Forward 
   Center                   Wing                     Time % Phy DF OF 
 1 Tomas Hertl              Mark Jankowski           50     1   2  2  
 2 Nick Bonino              Evander Kane             50     1   2  2  

4 vs 4 Defense
   Defense                  Defense                  Time % Phy DF OF 
 1 Erik Johnson             Mattias Samuelsson       50     1   2  2  
 2 Ilya Lyubushkin          Jake McCabe              50     1   2  2  

Last Minutes Offensive
   Center                   Left Wing                Right Wing               Defense                  Defense                  
   Tomas Hertl              Jeff Skinner             Alex Tuch                Mattias Samuelsson       Colin Miller             

Last Minutes Defensive
   Center                   Left Wing                Right Wing               Defense                  Defense                  
   Nick Bonino              Teddy Blueger            Dylan Gambrell           Mattias Samuelsson       Henri Jokiharju          

Goaltenders
Starting : Linus Ullmark            
Backup : Karel Vejmelka           

Extra Forwards
Normal : Evander Kane, Marcus Johansson, Tomas Hertl - PP : Marcus Johansson, Kyle Okposo - PK : Kyle Okposo
Extra Defensemen
Normal : Jake McCabe, Mattias Samuelsson, Colin Miller - PP : Jake McCabe - PK : Ilya Lyubushkin, Colin Miller
Penalty Shots
Alex Tuch, Jeff Skinner, Dylan Cozens, Evander Kane, Nicklas Backstrom
Custom OT Lines Forwards
Tomas Hertl, Alex Tuch, Dylan Cozens, Nicklas Backstrom, Evander Kane, Marcus Johansson, Kyle Okposo, Nick Bonino, Teddy Blueger, Dylan Gambrell
Custom OT Lines Defensemen
Mattias Samuelsson, Colin Miller, Henri Jokiharju, Ilya Lyubushkin, Jake McCabe

Scratches
Zemgus Girgensons (Healthy), Cal Clutterbuck (Healthy), Casey Fitzgerald (Healthy)

% Time on Ice - Columbus Blue Jackets

Lines # - Real PCT - Wanted PCT - Time Play
Normal Forward
1 - 27% - 27% - 14:24
2 - 28% - 27% - 15:01
3 - 26% - 26% - 14:06
4 - 20% - 20% - 10:47
Normal Defense
1 - 33% - 32% - 17:45
2 - 31% - 32% - 16:58
3 - 32% - 26% - 17:19
4 - 4% - 10% - 2:16
PP Forward
1 - 64% - 50% - 2:08
2 - 36% - 50% - 1:11
PP Defense
1 - 60% - 50% - 1:59
2 - 40% - 50% - 1:20
PK Forward
1 - 40% - 50% - 0:41
2 - 60% - 50% - 1:02
PK Defense
1 - 36% - 50% - 0:37
2 - 64% - 50% - 1:06
PK3 Forward
1 - 0% - 50%
2 - 0% - 50%
PK3 Defense
1 - 0% - 50%
2 - 0% - 50%
44 Forward
1 - 15% - 50% - 0:06
2 - 85% - 50% - 0:34
44 Defense
1 - 85% - 50% - 0:34
2 - 15% - 50% - 0:06
Last Minute Offensive  - 0:00
Last Minute Defensive  - 0:00
Total
Forward - 60:00
Defense - 60:00

% Time on Ice - Buffalo Sabres

Lines # - Real PCT - Wanted PCT - Time Play
Normal Forward
1 - 28% - 28% - 15:24
2 - 27% - 26% - 14:26
3 - 24% - 24% - 12:52
4 - 21% - 22% - 11:36
Normal Defense
1 - 34% - 34% - 18:33
2 - 32% - 33% - 17:07
3 - 32% - 33% - 17:33
4 - 2% - 0% - 1:05
PP Forward
1 - 44% - 50% - 0:45
2 - 56% - 50% - 0:58
PP Defense
1 - 67% - 50% - 1:09
2 - 33% - 50% - 0:34
PK Forward
1 - 41% - 50% - 1:21
2 - 59% - 50% - 1:58
PK Defense
1 - 49% - 50% - 1:38
2 - 51% - 50% - 1:41
PK3 Forward
1 - 0% - 50%
2 - 0% - 50%
PK3 Defense
1 - 0% - 50%
2 - 0% - 50%
44 Forward
1 - 98% - 50% - 0:39
2 - 3% - 50% - 0:01
44 Defense
1 - 98% - 50% - 0:39
2 - 3% - 50% - 0:01
Last Minute Offensive  - 0:00
Last Minute Defensive  - 0:00
Total
Forward - 60:00
Defense - 60:00

Play-by-Play

1st period


0:01 of 1st period - Tomas Hertl wins face-off versus Corey Perry in neutral zone.
1:04 of 1st period - Colin Miller is hit by Yegor Chinakhov and loses puck.
1:35 of 1st period - Shot by Nicklas Backstrom.
1:35 of 1st period - Shot Misses the Net.
1:37 of 1st period - Shot by Dylan Gambrell.
1:37 of 1st period - Shot Misses the Net.
2:05 of 1st period - Shot by Marcus Johansson.
2:05 of 1st period - Shot Misses the Net.
2:07 of 1st period - Shot by Marcus Johansson.
2:07 of 1st period - Shot Blocked by Ian Cole.
2:22 of 1st period - Icing by Henri Jokiharju.
2:23 of 1st period - Nick Bonino wins face-off versus Jayson Megna in Buffalo Sabres zone.
2:23 of 1st period - Nick Bonino is hit by Warren Foegele.
2:30 of 1st period - Nick Bonino is hit by Kyle Burroughs and loses puck.
3:04 of 1st period - Icing by Tomas Hertl.
3:05 of 1st period - Tomas Hertl wins face-off versus Josh Dunne in Buffalo Sabres zone.
4:27 of 1st period - Shot by Patrik Laine.
4:27 of 1st period - Shot Misses the Net.
4:52 of 1st period - Icing by Lukas Rousek.
4:53 of 1st period - Nick Bonino wins face-off versus Jayson Megna in Columbus Blue Jackets zone.
4:54 of 1st period - Shot by Marcus Johansson.
4:54 of 1st period - Goal by Marcus Johansson - Columbus Blue Jackets : 0 - Buffalo Sabres : 1.
4:55 of 1st period - Nick Bonino wins face-off versus Jayson Megna in neutral zone.
5:01 of 1st period - Icing by Nick Bonino.
5:02 of 1st period - Nick Bonino wins face-off versus Jayson Megna in Buffalo Sabres zone.
5:19 of 1st period - Shot by Nick Bonino.
5:19 of 1st period - Stopped by Elvis Merzlikins without a rebound.
5:20 of 1st period - Dylan Cozens wins face-off versus Jakub Voracek in Columbus Blue Jackets zone.
6:07 of 1st period - Icing by Mattias Samuelsson.
6:08 of 1st period - Dylan Cozens wins face-off versus Nick Foligno in Buffalo Sabres zone.
6:08 of 1st period - Kyle Okposo is hit by Corey Perry and loses puck.
6:35 of 1st period - Nick Foligno is hit by Ilya Lyubushkin.
6:51 of 1st period - Icing by Ian Cole.
6:52 of 1st period - Nick Bonino wins face-off versus Jayson Megna in Columbus Blue Jackets zone.
6:59 of 1st period - Shot by Marcus Johansson.
6:59 of 1st period - Shot Blocked by Nick Blankenburg.
7:01 of 1st period - Shot by Nick Bonino.
7:01 of 1st period - Shot Misses the Net.
7:13 of 1st period - Ian Cole is hit by Marcus Johansson and loses puck.
7:18 of 1st period - Shot by Marcus Johansson.
7:18 of 1st period - Shot Misses the Net.
7:20 of 1st period - Shot by Nick Bonino.
7:20 of 1st period - Shot Misses the Net.
7:37 of 1st period - Off-side.
7:38 of 1st period - Tomas Hertl wins face-off versus Josh Dunne in neutral zone.
7:58 of 1st period - Yakov Trenin is hit by Jeff Skinner and loses puck.
8:02 of 1st period - Icing by Yakov Trenin.
8:03 of 1st period - Josh Dunne wins face-off versus Nicklas Backstrom in Columbus Blue Jackets zone.
8:10 of 1st period - Ilya Lyubushkin is hit by Yakov Trenin and loses puck.
8:25 of 1st period - Icing by Ivan Provorov.
8:26 of 1st period - Nick Bonino wins face-off versus Nick Foligno in Columbus Blue Jackets zone.
9:17 of 1st period - Shot by Dylan Cozens.
9:17 of 1st period - Shot Blocked by Corey Perry.
9:39 of 1st period - Derick Brassard is hit by Mattias Samuelsson and loses puck.
9:47 of 1st period - Jakub Voracek is hit by Colin Miller and loses puck.
11:34 of 1st period - Jakub Voracek is hit by Jake McCabe and loses puck.
11:45 of 1st period - Tomas Hertl is hit by Jayson Megna and loses puck.
12:02 of 1st period - Shot by Lukas Rousek.
12:02 of 1st period - Stopped by Linus Ullmark without a rebound.
12:03 of 1st period - Nicklas Backstrom wins face-off versus Nick Foligno in Buffalo Sabres zone.
12:08 of 1st period - Shot by Dylan Gambrell.
12:08 of 1st period - Stopped by Elvis Merzlikins without a rebound.
12:09 of 1st period - Patrik Laine wins face-off versus Nicklas Backstrom in Columbus Blue Jackets zone.
12:18 of 1st period - Shot by Nick Foligno.
12:18 of 1st period - Deflect By Patrik Laine.
12:18 of 1st period - Goal by Patrik Laine - Columbus Blue Jackets : 1 - Buffalo Sabres : 1.
12:19 of 1st period - Josh Dunne wins face-off versus Marcus Johansson in neutral zone.
12:23 of 1st period - Off-side.
12:24 of 1st period - Josh Dunne wins face-off versus Nicklas Backstrom in neutral zone.
12:36 of 1st period - Joona Luoto is hit by Henri Jokiharju and loses puck.
13:11 of 1st period - Shot by Marcus Johansson.
13:11 of 1st period - Stopped by Elvis Merzlikins without a rebound.
13:12 of 1st period - Derick Brassard wins face-off versus Dylan Cozens in Columbus Blue Jackets zone.
13:34 of 1st period - Shot by Nick Blankenburg.
13:34 of 1st period - Shot Blocked by Mattias Samuelsson.
13:36 of 1st period - Shot by Derick Brassard.
13:36 of 1st period - Shot Misses the Net.
14:04 of 1st period - Shot by Teddy Blueger.
14:04 of 1st period - Stopped by Elvis Merzlikins without a rebound.
14:05 of 1st period - Nicklas Backstrom wins face-off versus Nick Foligno in Columbus Blue Jackets zone.
14:06 of 1st period - Shot by Dylan Gambrell.
14:06 of 1st period - Shot Misses the Net.
14:22 of 1st period - Shot by Kyle Burroughs.
14:22 of 1st period - Shot Blocked by Dylan Gambrell.
14:24 of 1st period - Shot by Kyle Burroughs.
14:24 of 1st period - Stopped by Linus Ullmark with a rebound.
14:26 of 1st period - Shot by Kyle Burroughs.
14:26 of 1st period - Shot Misses the Net.
14:45 of 1st period - Off-side.
14:46 of 1st period - Derick Brassard wins face-off versus Nick Bonino in neutral zone.
14:49 of 1st period - Nick Bonino is hit by Derick Brassard and loses puck.
14:58 of 1st period - Shot by Yegor Chinakhov.
14:58 of 1st period - Stopped by Linus Ullmark without a rebound.
14:59 of 1st period - Tomas Hertl wins face-off versus Jayson Megna in Buffalo Sabres zone.
15:18 of 1st period - Icing by Jake McCabe.
15:19 of 1st period - Tomas Hertl wins face-off versus Derick Brassard in Buffalo Sabres zone.
16:15 of 1st period - Marcus Johansson is hit by Ian Cole and loses puck.
16:16 of 1st period - Minor Penalty to Ian Cole for Boarding.
16:17 of 1st period - Jayson Megna wins face-off versus Nicklas Backstrom in Columbus Blue Jackets zone.
16:27 of 1st period - Jeff Skinner is hit by Jayson Megna and loses puck.
16:40 of 1st period - Shot by Nicklas Backstrom.
16:40 of 1st period - Goal by Nicklas Backstrom - Columbus Blue Jackets : 1 - Buffalo Sabres : 2.
16:41 of 1st period - Nick Foligno wins face-off versus Nicklas Backstrom in neutral zone.
16:54 of 1st period - Shot by Patrik Laine.
16:54 of 1st period - Shot Blocked by Henri Jokiharju.
16:57 of 1st period - Icing by Henri Jokiharju.
16:58 of 1st period - Nicklas Backstrom wins face-off versus Jayson Megna in Buffalo Sabres zone.
17:14 of 1st period - Shot by Jayson Megna.
17:14 of 1st period - Stopped by Linus Ullmark without a rebound.
17:15 of 1st period - Corey Perry wins face-off versus Evander Kane in Buffalo Sabres zone.
17:23 of 1st period - Icing by Mattias Samuelsson.
17:24 of 1st period - Joona Luoto wins face-off versus Dylan Cozens in Buffalo Sabres zone.
17:31 of 1st period - Shot by Kyle Okposo.
17:31 of 1st period - Shot Misses the Net.
17:39 of 1st period - Shot by Dylan Cozens.
17:39 of 1st period - Stopped by Elvis Merzlikins without a rebound.
17:40 of 1st period - Jayson Megna wins face-off versus Nick Bonino in Columbus Blue Jackets zone.
18:23 of 1st period - Shot by Patrik Laine.
18:23 of 1st period - Shot Misses the Net.
18:25 of 1st period - Shot by Brock Faber.
18:25 of 1st period - Shot Misses the Net.
18:27 of 1st period - Shot by Billy Sweezey.
18:27 of 1st period - Stopped by Linus Ullmark with a rebound.
18:29 of 1st period - Shot by Billy Sweezey.
18:29 of 1st period - Shot Misses the Net.
19:07 of 1st period - Jakub Voracek is hit by Ilya Lyubushkin and loses puck.
19:42 of 1st period - Shot by Yakov Trenin.
19:42 of 1st period - Shot Misses the Net.
19:58 of 1st period - Shot by Jeff Skinner.
19:58 of 1st period - Shot Blocked by Ian Cole.
Goals for this period are 1 for Columbus Blue Jackets vs 2 for Buffalo Sabres.
Shots for this period are 6 for Columbus Blue Jackets vs 7 for Buffalo Sabres.

2nd period


0:01 of 2nd period - Jayson Megna wins face-off versus Evander Kane in neutral zone.
0:14 of 2nd period - Shot by Jayson Megna.
0:14 of 2nd period - Shot Misses the Net.
0:22 of 2nd period - Kyle Burroughs is hit by Evander Kane and loses puck.
0:27 of 2nd period - Shot by Evander Kane.
0:27 of 2nd period - Stopped by Elvis Merzlikins without a rebound.
0:28 of 2nd period - Nick Foligno wins face-off versus Nicklas Backstrom in Columbus Blue Jackets zone.
0:35 of 2nd period - Nicklas Backstrom is hit by Nick Foligno and loses puck.
1:24 of 2nd period - Shot by Alex Tuch.
1:24 of 2nd period - Shot Misses the Net.
1:58 of 2nd period - Shot by Derick Brassard.
1:58 of 2nd period - Shot Misses the Net.
2:24 of 2nd period - Shot by Warren Foegele.
2:24 of 2nd period - Goal by Warren Foegele - Columbus Blue Jackets : 2 - Buffalo Sabres : 2.
2:25 of 2nd period - Nick Bonino wins face-off versus Josh Dunne in neutral zone.
2:50 of 2nd period - Shot by Yakov Trenin.
2:50 of 2nd period - Deflect By Josh Dunne.
2:50 of 2nd period - Stopped by Linus Ullmark without a rebound.
2:51 of 2nd period - Jayson Megna wins face-off versus Nicklas Backstrom in Buffalo Sabres zone.
2:58 of 2nd period - Colin Miller is hit by Warren Foegele and loses puck.
3:12 of 2nd period - Shot by Warren Foegele.
3:12 of 2nd period - Shot Blocked by Mattias Samuelsson.
3:14 of 2nd period - Shot by Warren Foegele.
3:14 of 2nd period - Stopped by Linus Ullmark without a rebound.
3:15 of 2nd period - Derick Brassard wins face-off versus Dylan Cozens in Buffalo Sabres zone.
4:00 of 2nd period - Off-side.
4:01 of 2nd period - Nicklas Backstrom wins face-off versus Jayson Megna in neutral zone.
4:03 of 2nd period - Off-side.
4:04 of 2nd period - Nicklas Backstrom wins face-off versus Jayson Megna in neutral zone.
5:00 of 2nd period - Shot by Yakov Trenin.
5:00 of 2nd period - Stopped by Linus Ullmark without a rebound.
5:01 of 2nd period - Nick Foligno wins face-off versus Jeff Skinner in Buffalo Sabres zone.
5:10 of 2nd period - Shot by Patrik Laine.
5:10 of 2nd period - Goal by Patrik Laine - Columbus Blue Jackets : 3 - Buffalo Sabres : 2.
5:11 of 2nd period - Derick Brassard wins face-off versus Dylan Cozens in neutral zone.
5:26 of 2nd period - Shot by Jakub Voracek.
5:26 of 2nd period - Stopped by Linus Ullmark without a rebound.
5:27 of 2nd period - Tomas Hertl wins face-off versus Nick Foligno in Buffalo Sabres zone.
5:27 of 2nd period - Tomas Hertl is hit by Corey Perry.
5:50 of 2nd period - Shot by Jeff Skinner.
5:50 of 2nd period - Stopped by Elvis Merzlikins without a rebound.
5:51 of 2nd period - Jayson Megna wins face-off versus Dylan Cozens in Columbus Blue Jackets zone.
6:29 of 2nd period - Ian Cole is hit by Evander Kane and loses puck.
6:36 of 2nd period - Shot by Nick Blankenburg.
6:36 of 2nd period - Shot Misses the Net.
7:08 of 2nd period - Shot by Yegor Chinakhov.
7:08 of 2nd period - Stopped by Linus Ullmark with a rebound.
7:10 of 2nd period - Shot by Ivan Provorov.
7:10 of 2nd period - Shot Misses the Net.
7:21 of 2nd period - Shot by Derick Brassard.
7:21 of 2nd period - Shot Blocked by Henri Jokiharju.
7:25 of 2nd period - Shot by Jakub Voracek.
7:25 of 2nd period - Shot Misses the Net.
7:59 of 2nd period - Alex Tuch is hit by Nick Foligno and loses puck.
8:40 of 2nd period - Warren Foegele is hit by Nicklas Backstrom and loses puck.
8:58 of 2nd period - Icing by Nick Blankenburg.
8:59 of 2nd period - Teddy Blueger wins face-off versus Jayson Megna in Columbus Blue Jackets zone.
9:02 of 2nd period - Shot by Ilya Lyubushkin.
9:02 of 2nd period - Stopped by Elvis Merzlikins without a rebound.
9:03 of 2nd period - Nick Bonino wins face-off versus Josh Dunne in Columbus Blue Jackets zone.
9:04 of 2nd period - Shot by Teddy Blueger.
9:04 of 2nd period - Deflect By Marcus Johansson.
9:04 of 2nd period - Stopped by Elvis Merzlikins with a rebound.
9:06 of 2nd period - Shot by Nick Bonino.
9:06 of 2nd period - Shot Misses the Net.
9:08 of 2nd period - Shot by Ilya Lyubushkin.
9:08 of 2nd period - Stopped by Elvis Merzlikins without a rebound.
9:09 of 2nd period - Nick Bonino wins face-off versus Derick Brassard in Columbus Blue Jackets zone.
9:37 of 2nd period - Icing by Marcus Johansson.
9:38 of 2nd period - Nick Bonino wins face-off versus Corey Perry in Buffalo Sabres zone.
11:03 of 2nd period - Yakov Trenin is hit by Nicklas Backstrom and loses puck.
11:33 of 2nd period - Off-side.
11:34 of 2nd period - Derick Brassard wins face-off versus Dylan Cozens in neutral zone.
11:43 of 2nd period - Shot by Derick Brassard.
11:43 of 2nd period - Shot Blocked by Evander Kane.
11:45 of 2nd period - Shot by Derick Brassard.
11:45 of 2nd period - Shot Blocked by Mattias Samuelsson.
11:47 of 2nd period - Shot by Ian Cole.
11:47 of 2nd period - Stopped by Linus Ullmark without a rebound.
11:48 of 2nd period - Nicklas Backstrom wins face-off versus Jayson Megna in Buffalo Sabres zone.
11:48 of 2nd period - Nicklas Backstrom is hit by Warren Foegele.
11:58 of 2nd period - Shot by Nicklas Backstrom.
11:58 of 2nd period - Stopped by Elvis Merzlikins without a rebound.
11:59 of 2nd period - Nick Bonino wins face-off versus Derick Brassard in Columbus Blue Jackets zone.
12:00 of 2nd period - Shot by Marcus Johansson.
12:00 of 2nd period - Shot Misses the Net.
12:18 of 2nd period - Shot by Jakub Voracek.
12:18 of 2nd period - Stopped by Linus Ullmark with a rebound.
12:37 of 2nd period - Minor Penalty to Warren Foegele for Cross-checking.
12:38 of 2nd period - Nicklas Backstrom wins face-off versus Josh Dunne in Columbus Blue Jackets zone.
13:55 of 2nd period - Josh Dunne is hit by Evander Kane.
13:56 of 2nd period - Double Minor Penalty to Tomas Hertl for Roughing.
13:57 of 2nd period - Marcus Johansson wins face-off versus Jayson Megna in Buffalo Sabres zone.
14:12 of 2nd period - Shot by Yegor Chinakhov.
14:12 of 2nd period - Shot Misses the Net.
14:14 of 2nd period - Shot by Kyle Burroughs.
14:14 of 2nd period - Stopped by Linus Ullmark with a rebound.
14:16 of 2nd period - Shot by Jayson Megna.
14:16 of 2nd period - Shot Misses the Net.
14:35 of 2nd period - Off-side.
14:36 of 2nd period - Josh Dunne wins face-off versus Nick Bonino in neutral zone.
15:33 of 2nd period - Shot by Corey Perry.
15:33 of 2nd period - Stopped by Linus Ullmark without a rebound.
15:34 of 2nd period - Derick Brassard wins face-off versus Kyle Okposo in Buffalo Sabres zone.
15:47 of 2nd period - Shot by Jakub Voracek.
15:47 of 2nd period - Shot Misses the Net.
15:49 of 2nd period - Shot by Patrik Laine.
15:49 of 2nd period - Shot Blocked by Mattias Samuelsson.
15:55 of 2nd period - Shot by Derick Brassard.
15:55 of 2nd period - Shot Misses the Net.
15:57 of 2nd period - Shot by Patrik Laine.
15:57 of 2nd period - Deflect By Derick Brassard.
15:57 of 2nd period - Stopped by Linus Ullmark without a rebound.
15:58 of 2nd period - Nick Foligno wins face-off versus Nick Bonino in Buffalo Sabres zone.
16:23 of 2nd period - Dylan Gambrell is hit by Corey Perry and loses puck.
16:36 of 2nd period - Shot by Patrik Laine.
16:36 of 2nd period - Shot Blocked by Jake McCabe.
16:38 of 2nd period - Shot by Nick Blankenburg.
16:38 of 2nd period - Stopped by Linus Ullmark with a rebound.
16:53 of 2nd period - Icing by Ian Cole.
16:54 of 2nd period - Nick Bonino wins face-off versus Patrik Laine in Columbus Blue Jackets zone.
17:31 of 2nd period - Shot by Jeff Skinner.
17:31 of 2nd period - Shot Misses the Net.
18:17 of 2nd period - Shot by Yakov Trenin.
18:17 of 2nd period - Shot Misses the Net.
18:19 of 2nd period - Shot by Yakov Trenin.
18:19 of 2nd period - Stopped by Linus Ullmark without a rebound.
18:20 of 2nd period - Dylan Cozens wins face-off versus Jayson Megna in Buffalo Sabres zone.
18:41 of 2nd period - Shot by Evander Kane.
18:41 of 2nd period - Shot Misses the Net.
18:43 of 2nd period - Shot by Mattias Samuelsson.
18:43 of 2nd period - Shot Blocked by Ivan Provorov.
18:45 of 2nd period - Shot by Kyle Okposo.
18:45 of 2nd period - Stopped by Elvis Merzlikins without a rebound.
18:46 of 2nd period - Dylan Gambrell wins face-off versus Josh Dunne in Columbus Blue Jackets zone.
19:05 of 2nd period - Shot by Henri Jokiharju.
19:05 of 2nd period - Stopped by Elvis Merzlikins without a rebound.
19:06 of 2nd period - Nick Bonino wins face-off versus Patrik Laine in Columbus Blue Jackets zone.
19:45 of 2nd period - Tomas Hertl is hit by Corey Perry and loses puck.
Goals for this period are 2 for Columbus Blue Jackets vs 0 for Buffalo Sabres.
Shots for this period are 14 for Columbus Blue Jackets vs 8 for Buffalo Sabres.

3rd period


0:01 of 3rd period - Tomas Hertl wins face-off versus Jayson Megna in neutral zone.
0:16 of 3rd period - Shot by Alex Tuch.
0:16 of 3rd period - Shot Misses the Net.
0:18 of 3rd period - Shot by Tomas Hertl.
0:18 of 3rd period - Shot Blocked by Warren Foegele.
0:22 of 3rd period - Shot by Tomas Hertl.
0:22 of 3rd period - Shot Misses the Net.
0:28 of 3rd period - Shot by Alex Tuch.
0:28 of 3rd period - Deflect By Tomas Hertl.
0:28 of 3rd period - Stopped by Elvis Merzlikins without a rebound.
0:29 of 3rd period - Derick Brassard wins face-off versus Nicklas Backstrom in Columbus Blue Jackets zone.
0:34 of 3rd period - Shot by Nicklas Backstrom.
0:34 of 3rd period - Shot Misses the Net.
0:44 of 3rd period - Shot by Nicklas Backstrom.
0:44 of 3rd period - Stopped by Elvis Merzlikins with a rebound.
0:49 of 3rd period - Ian Cole is hit by Dylan Gambrell and loses puck.
1:34 of 3rd period - Evander Kane is hit by Brock Faber and loses puck.
1:47 of 3rd period - Corey Perry is hit by Evander Kane and loses puck.
2:05 of 3rd period - Icing by Colin Miller.
2:06 of 3rd period - Tomas Hertl wins face-off versus Jayson Megna in Buffalo Sabres zone.
2:13 of 3rd period - Shot by Jeff Skinner.
2:13 of 3rd period - Shot Misses the Net.
2:45 of 3rd period - Off-side.
2:46 of 3rd period - Nick Bonino wins face-off versus Derick Brassard in neutral zone.
3:28 of 3rd period - Yegor Chinakhov is hit by Dylan Gambrell and loses puck.
3:47 of 3rd period - Shot by Dylan Gambrell.
3:47 of 3rd period - Deflect By Mark Jankowski.
3:47 of 3rd period - Shot Blocked by Josh Dunne.
4:05 of 3rd period - Yakov Trenin is hit by Dylan Gambrell.
4:20 of 3rd period - Billy Sweezey is hit by Evander Kane and loses puck.
4:53 of 3rd period - Shot by Lukas Rousek.
4:53 of 3rd period - Shot Blocked by Tomas Hertl.
5:19 of 3rd period - Shot by Nick Foligno.
5:19 of 3rd period - Stopped by Linus Ullmark with a rebound.
5:21 of 3rd period - Shot by Nick Blankenburg.
5:21 of 3rd period - Stopped by Linus Ullmark with a rebound.
5:29 of 3rd period - Shot by Nick Foligno.
5:29 of 3rd period - Shot Blocked by Tomas Hertl.
5:31 of 3rd period - Shot by Patrik Laine.
5:31 of 3rd period - Stopped by Linus Ullmark with a rebound.
5:33 of 3rd period - Shot by Corey Perry.
5:33 of 3rd period - Deflect By Nick Foligno.
5:33 of 3rd period - Stopped by Linus Ullmark without a rebound.
5:34 of 3rd period - Derick Brassard wins face-off versus Nick Bonino in Buffalo Sabres zone.
5:40 of 3rd period - Icing by Mattias Samuelsson.
5:41 of 3rd period - Derick Brassard wins face-off versus Marcus Johansson in Buffalo Sabres zone.
5:50 of 3rd period - Shot by Jakub Voracek.
5:50 of 3rd period - Deflect By Yegor Chinakhov.
5:50 of 3rd period - Stopped by Linus Ullmark without a rebound.
5:51 of 3rd period - Jayson Megna wins face-off versus Dylan Cozens in Buffalo Sabres zone.
5:53 of 3rd period - Lukas Rousek is hit by Erik Johnson and loses puck.
6:13 of 3rd period - Dylan Cozens is hit by Warren Foegele.
6:19 of 3rd period - Shot by Warren Foegele.
6:19 of 3rd period - Shot Misses the Net.
7:07 of 3rd period - Yegor Chinakhov is hit by Jeff Skinner and loses puck.
7:19 of 3rd period - Jake McCabe and Kyle Burroughs fight to a draw.
7:19 of 3rd period - Penalty to Jake McCabe for Fighting.
7:19 of 3rd period - Penalty to Kyle Burroughs for Fighting.
7:20 of 3rd period - Nick Bonino wins face-off versus Nick Foligno in Columbus Blue Jackets zone.
7:21 of 3rd period - Shot by Marcus Johansson.
7:21 of 3rd period - Shot Misses the Net.
7:49 of 3rd period - Off-side.
7:50 of 3rd period - Josh Dunne wins face-off versus Tomas Hertl in neutral zone.
8:13 of 3rd period - Shot by Alex Tuch.
8:13 of 3rd period - Deflect By Tomas Hertl.
8:13 of 3rd period - Goal by Tomas Hertl - Columbus Blue Jackets : 3 - Buffalo Sabres : 3.
8:14 of 3rd period - Nicklas Backstrom wins face-off versus Derick Brassard in neutral zone.
9:18 of 3rd period - Shot by Nick Foligno.
9:18 of 3rd period - Stopped by Linus Ullmark with a rebound.
9:37 of 3rd period - Shot by Jeff Skinner.
9:37 of 3rd period - Shot Misses the Net.
9:53 of 3rd period - Shot by Alex Tuch.
9:53 of 3rd period - Stopped by Elvis Merzlikins without a rebound.
9:54 of 3rd period - Jayson Megna wins face-off versus Nick Bonino in Columbus Blue Jackets zone.
10:05 of 3rd period - Nick Bonino is hit by Warren Foegele and loses puck.
10:17 of 3rd period - Mattias Samuelsson is hit by Warren Foegele and loses puck.
10:27 of 3rd period - Off-side.
10:28 of 3rd period - Jeff Skinner wins face-off versus Derick Brassard in neutral zone.
10:41 of 3rd period - Shot by Jeff Skinner.
10:41 of 3rd period - Goal by Jeff Skinner - Columbus Blue Jackets : 3 - Buffalo Sabres : 4.
10:42 of 3rd period - Nicklas Backstrom wins face-off versus Josh Dunne in neutral zone.
11:30 of 3rd period - Icing by Nick Blankenburg.
11:31 of 3rd period - Jakub Voracek wins face-off versus Tomas Hertl in Columbus Blue Jackets zone.
11:37 of 3rd period - Derick Brassard is hit by Colin Miller and loses puck.
11:44 of 3rd period - Shot by Tomas Hertl.
11:44 of 3rd period - Shot Misses the Net.
11:46 of 3rd period - Shot by Jeff Skinner.
11:46 of 3rd period - Stopped by Elvis Merzlikins without a rebound.
11:47 of 3rd period - Dylan Cozens wins face-off versus Jayson Megna in Columbus Blue Jackets zone.
12:04 of 3rd period - Shot by Billy Sweezey.
12:04 of 3rd period - Stopped by Linus Ullmark without a rebound.
12:05 of 3rd period - Nick Foligno wins face-off versus Tomas Hertl in Buffalo Sabres zone.
12:25 of 3rd period - Shot by Alex Tuch.
12:25 of 3rd period - Stopped by Elvis Merzlikins without a rebound.
12:26 of 3rd period - Jayson Megna wins face-off versus Dylan Cozens in Columbus Blue Jackets zone.
12:49 of 3rd period - Shot by Evander Kane.
12:49 of 3rd period - Shot Blocked by Ian Cole.
12:51 of 3rd period - Shot by Erik Johnson.
12:51 of 3rd period - Shot Misses the Net.
12:53 of 3rd period - Shot by Erik Johnson.
12:53 of 3rd period - Goal by Erik Johnson - Columbus Blue Jackets : 3 - Buffalo Sabres : 5.
12:54 of 3rd period - Tomas Hertl wins face-off versus Derick Brassard in neutral zone.
12:59 of 3rd period - Shot by Jeff Skinner.
12:59 of 3rd period - Stopped by Elvis Merzlikins without a rebound.
13:00 of 3rd period - Tomas Hertl wins face-off versus Nick Foligno in Columbus Blue Jackets zone.
13:08 of 3rd period - Icing by Kyle Burroughs.
13:09 of 3rd period - Nicklas Backstrom wins face-off versus Nick Foligno in Columbus Blue Jackets zone.
13:09 of 3rd period - Mark Jankowski is hit by Kyle Burroughs and loses puck.
13:18 of 3rd period - Shot by Patrik Laine.
13:18 of 3rd period - Shot Misses the Net.
13:39 of 3rd period - Icing by Colin Miller.
13:40 of 3rd period - Nicklas Backstrom wins face-off versus Derick Brassard in Buffalo Sabres zone.
13:42 of 3rd period - Icing by Mattias Samuelsson.
13:43 of 3rd period - Mark Jankowski wins face-off versus Derick Brassard in Buffalo Sabres zone.
13:48 of 3rd period - Shot by Nicklas Backstrom.
13:48 of 3rd period - Shot Misses the Net.
14:18 of 3rd period - Shot by Alex Tuch.
14:18 of 3rd period - Stopped by Elvis Merzlikins without a rebound.
14:19 of 3rd period - Dylan Cozens wins face-off versus Jayson Megna in Columbus Blue Jackets zone.
14:32 of 3rd period - Shot by Evander Kane.
14:32 of 3rd period - Shot Blocked by Brock Faber.
14:34 of 3rd period - Shot by Ilya Lyubushkin.
14:34 of 3rd period - Stopped by Elvis Merzlikins without a rebound.
14:35 of 3rd period - Josh Dunne wins face-off versus Nick Bonino in Columbus Blue Jackets zone.
14:39 of 3rd period - Off-side.
14:40 of 3rd period - Tomas Hertl wins face-off versus Josh Dunne in neutral zone.
16:07 of 3rd period - Icing by Mattias Samuelsson.
16:08 of 3rd period - Derick Brassard wins face-off versus Dylan Cozens in Buffalo Sabres zone.
16:27 of 3rd period - Shot by Evander Kane.
16:27 of 3rd period - Stopped by Elvis Merzlikins without a rebound.
16:28 of 3rd period - Nick Foligno wins face-off versus Nick Bonino in Columbus Blue Jackets zone.
16:59 of 3rd period - Marcus Johansson is hit by Brock Faber and loses puck.
17:19 of 3rd period - Icing by Corey Perry.
17:20 of 3rd period - Nick Foligno wins face-off versus Dylan Cozens in Columbus Blue Jackets zone.
17:20 of 3rd period - Nick Foligno is hit by Evander Kane.
19:00 of 3rd period - Icing by Billy Sweezey.
19:01 of 3rd period - Nick Bonino wins face-off versus Josh Dunne in Columbus Blue Jackets zone.
19:24 of 3rd period - Shot by Nick Bonino.
19:24 of 3rd period - Stopped by Elvis Merzlikins without a rebound.
19:25 of 3rd period - Derick Brassard wins face-off versus Dylan Cozens in Columbus Blue Jackets zone.
19:52 of 3rd period - Evander Kane is hit by Ivan Provorov and loses puck.
Goals for this period are 0 for Columbus Blue Jackets vs 3 for Buffalo Sabres.
Shots for this period are 7 for Columbus Blue Jackets vs 13 for Buffalo Sabres.